 Dungeon Crawl Stone Soup version 0.23.0 (webtiles) character file.

Game seed: 2264606506136613770

889 HunterAntonescu the Poker (level 8, 0/63 HPs)
             Began as a Human Fighter on Feb 17, 2019.
             Killed by divine providence
             ... invoked by an orc priest
              (12 damage)
             ... on level 6 of the Dungeon on Feb 18, 2019.
             The game lasted 00:28:03 (4870 turns).

HunterAntonescu the Poker (Human Fighter)           Turns: 4870, Time: 00:28:03

Health: 0/63       AC:  9    Str: 18    XL:     8   Next: 27%
Magic:  8/8        EV:  8    Int:  9    God:
Gold:   408        SH:  0    Dex: 13    Spells: 7/7 levels left

rFire    . . .     SeeInvis .   a - +0 trident
rCold    . . .     Gourm    .   (no shield)
rNeg     . . .     Faith    .   j - +0 chain mail
rPois    .         Spirit   .   (no helmet)
rElec    .         Reflect  .   b - scarf {cloud immunity}
rCorr    .         Harm     .   (no gloves)
MR       .....                  (no boots)
Stlth    ..........             (no amulet)
HPRegen  0.20/turn              (no ring)
MPRegen  0.11/turn              (no ring)

@: no status effects
A: no striking features
a: no special abilities


You were on level 6 of the Dungeon.
You were not hungry.

You visited 1 branch of the dungeon, and saw 6 of its levels.

You collected 408 gold pieces.

Inventory:

Hand Weapons
 a - a +0 trident (weapon)
Armour
 b - a scarf of cloud immunity (worn)
 e - a +1 cloak
 j - a +0 chain mail (worn)
Wands
 t - a wand of clouds (4)
Scrolls
 c - 2 scrolls of remove curse
 d - a scroll of enchant armour {unknown}
 i - a scroll of magic mapping
 k - a scroll of fear {unknown}
 n - 5 scrolls of teleportation
 o - 3 scrolls of identify
 q - 2 scrolls of noise {unknown}
 v - a scroll of immolation {unknown}
 x - a scroll of amnesia {unknown}
Potions
 g - a potion of heal wounds
 h - a potion of agility
 l - a potion of magic {unknown}
 m - a potion of invisibility {unknown}
 p - a potion of flight
 r - a potion of mutation {unknown}
 s - a potion of curing
 u - a potion of berserk rage {unknown}
 w - a potion of resistance
Comestibles
 f - 10 rations


   Skills:
 + Level 5.4 Fighting
 + Level 6.0 Polearms
 + Level 5.4 Armour
 - Level 1.6 Dodging
 - Level 0.2 Stealth
   Level 3.0 Shields


You had 7 spell levels left.
You didn't know any spells.
Your spell library contained the following spells:

 Spells                   Type           Power        Failure   Level  Hunger
 Shock                    Conj/Air       #...         99%         1    ##.....
 Swiftness                Chrm/Air       #.......     100%        2    ###....
 Static Discharge         Conj/Air       #.......     100%        3    ####...
 Airstrike                Air            #.........   100%        4    #####..
 Lightning Bolt           Conj/Air       #.........   100%        5    ######.


Dungeon Overview and Level Annotations

Branches:
Dungeon (6/15)
 Temple: D:4-7

Altars:


Message History

* * * LOW HITPOINT WARNING * * *
You hit something but do no damage. Something hits you but does no damage.
You closely miss something. Something hits you but does no damage.
You closely miss something. Something hits you.
* * * LOW HITPOINT WARNING * * *
You closely miss something.
You hear some strange, mumbled words.
A magic dart appears from out of thin air!
The magic dart hits you but does no damage.
You barely miss something. Something hits you but does no damage.
You miss something. Something hits you but does no damage.
Your chain mail prevents you from hitting something.
You hear some strange, mumbled words.
A magic dart appears from out of thin air!
The magic dart hits you!
* * * LOW HITPOINT WARNING * * *
You barely miss something. Something hits you but does no damage.
The orc priest calls down the wrath of Beogh upon you.
Beogh smites you!
You die...

#.........
#.#.#####.
#.######.#.#
.........#.####
#.#####.......#
##...>##.#
#.....##...
##.........
##@###### #{#
#o# #o# .J. ...
... .....


You could see a jelly, an orc priest and an orc.

Vanquished Creatures
  Grinder (D:3)
  An ogre (D:4)
  A phantom (D:5)
  A crimson imp (D:5)
  A hound (D:5)
  A centaur skeleton (D:5)
  4 iguanas
  An orc wizard (D:4)
  2 worker ants
  4 gnolls (D:3)
  A howler monkey skeleton (D:4)
  9 adders
  3 shadow imps
  3 oozes
  2 adder skeletons (D:4)
  An adder zombie (D:5)
  2 worms (D:3)
  2 dart slugs
  A leopard gecko (D:3)
  8 orcs
  2 giant cockroaches
  6 goblins
  8 hobgoblins
  6 jackals
  A quokka (D:5)
  3 ball pythons
  3 bats
  4 frilled lizards
  6 kobolds
  A leopard gecko skeleton (D:4)
  4 rats
93 creatures vanquished.

Notes
Turn   | Place    | Note
-------+----------+-------------------------------------------
     0 | D:1      | HunterAntonescu the Human Fighter began the quest for the
                  | Orb.
     0 | D:1      | Reached XP level 1. HP: 18/18 MP: 1/1
   258 | D:1      | Reached XP level 2. HP: 24/24 MP: 2/2
   340 | D:1      | Reached XP level 3. HP: 27/29 MP: 3/3
   946 | D:2      | Reached skill level 3 in Polearms
   946 | D:2      | Reached XP level 4. HP: 27/35 MP: 4/4
  1865 | D:3      | Reached skill level 1 in Dodging
  1872 | D:3      | Reached XP level 5. HP: 26/41 MP: 5/5
  2230 | D:3      | Noticed Grinder
  2248 | D:3      | Paralysed by Grinder for 5 turns
  2261 | D:3      | Killed Grinder
  2261 | D:3      | Reached skill level 4 in Polearms
  2261 | D:3      | Reached XP level 6. HP: 26/48 MP: 6/6
  2829 | D:4      | Reached XP level 7. HP: 37/54 MP: 7/7
  2832 | D:4      | Reached skill level 5 in Polearms
  3739 | D:5      | Entered Level 5 of the Dungeon
  3964 | D:5      | Reached skill level 5 in Fighting
  3964 | D:5      | Reached skill level 5 in Armour
  4269 | D:5      | Reached XP level 8. HP: 52/62 MP: 8/8
  4763 | D:6      | Reached skill level 6 in Polearms
  4870 | D:6      | Killed from afar by an orc priest

Skill      XL: |  1  2  3  4  5  6  7  8 |
---------------+-------------------------+-----
Polearms       | 3 4 5 6 |  6.0
Dodging        | 1 |  1.6
Fighting       | 4 5 |  5.4
Armour         | 4 5 |  5.4
Stealth        | |  0.2
Shields        | |  3.0

Action                   |  1- 3 |  4- 6 |  7- 9 || total
-------------------------+-------+-------+-------++-------
Melee: Trident           |   104 |   160 |   272 ||   536
  Use: Potion            |     1 |     4 |     5 ||    10
       Scroll            |       |     2 |     2 ||     4
  Eat: Ration            |       |     2 |     2 ||     4
Armor: Scale mail        |    24 |       |       ||    24
       Chain mail        |    23 |    79 |   120 ||   222
Dodge: Dodged            |    39 |    71 |    70 ||   180
